 Dungeon Crawl Stone Soup version 0.25.1-2-g60ff931df9 (webtiles) character file.

Game seed: 834898237176545585

171 H0rd4k the Insei (level 5, 0/33 HPs)
             Began as an Octopode Transmuter on Aug 27, 2020.
             Slain by an orc
             ... wielding a +0 short sword
              (2 damage)
             ... on level 3 of the Dungeon.
             The game lasted 00:02:28 (3427 turns).

H0rd4k the Insei (Octopode Transmuter)              Turns: 3427, Time: 00:02:29

Health: 0/33       AC:  1    Str:  7 (9)  XL:     5   Next: 51%
Magic:  9/9        EV: 13    Int: 14 (16) God:
Gold:   101        SH:  0    Dex: 10 (13) Spells: 3/9 levels left

rFire    + . .     SeeInvis .     - Unarmed
rCold    + . .     Gourm    .   (no shield)
rNeg     . . .     Faith    .   (helmet restricted)
rPois    +         Spirit   .   (no amulet)
rElec    +         Reflect  .   g - ring of wizardry
rCorr    +         Harm     .   (no ring)
MR       .....                  (no ring)
Stlth    +++.......             (no ring)
HPRegen  0.11/turn              (no ring)
MPRegen  0.11/turn              (no ring)
                                (no ring)
                                (no ring)

@: resistant
A: almost no armour, stealthy swim, amphibious, 8 rings, constrict 8, camouflage
1, gelatinous body 1
a: no special abilities


You were on level 3 of the Dungeon.
You were not hungry.

You visited 1 branch of the dungeon, and saw 3 of its levels.

You collected 101 gold pieces.

Inventory:

Missiles
 a - 53 arrows
Jewellery
 g - a ring of wizardry (left tentacle)
 l - an uncursed ring of protection from magic
 m - an uncursed ring of poison resistance {unknown}
Scrolls
 d - 6 scrolls of identify
 f - a scroll of teleportation {unknown}
 h - a scroll of immolation {unknown}
 i - a scroll of enchant armour {unknown}
 k - a scroll of fear
 n - a scroll of amnesia {unknown}
 o - a scroll of blinking {unknown}
Comestibles
 c - 4 rations
 p - 6 chunks of flesh


   Skills:
 + Level 1.2 Fighting
 + Level 2.3 Dodging
 + Level 2.7 Stealth
 + Level 4.5 Unarmed Combat
 * Level 2.7 Spellcasting
 * Level 2.8 Transmutations


You had 3 spell levels left.
You knew the following spells:

 Your Spells              Type           Power        Failure   Level  Hunger
a - Beastly Appendage     Tmut           #.....       2%          1    #......
b - Sticks to Snakes      Tmut           #.......     4%          2    ###....
c - Spider Form           Tmut/Pois      #.........   16%         3    ###....

Your spell library contained the following spells:

 Spells                   Type           Power        Failure   Level  Hunger
 Ice Form                 Ice/Tmut       #.......     43%         4    #####..
 Blade Hands              Tmut           #.........   58%         5    ######.


Dungeon Overview and Level Annotations

Branches:
Dungeon (3/15)

Altars:


Innate Abilities, Weirdness & Mutations

You cannot wear most types of armour.
You are very stealthy in the water. (Stealth+)
You are amphibious.
You can wear up to eight rings at the same time.
You can use your tentacles to constrict eight enemies at once.
Your skin changes colour to match your surroundings (Stealth+).
Your rubbery body absorbs attacks. (AC +1, EV +1)


Message History

You release your grip on the orc.
The orc misses you.
It was a potion of resistance.
You feel protected. The orc hits you with a +0 short sword.
* * * LOW HITPOINT WARNING * * *
It was a potion of degeneration.
There was something very wrong with that liquid.
You feel weakened.
You feel dopey.
You feel clumsy. The orc barely misses you.
It was a potion of curing.
You feel better. The orc hits you but does no damage. x2
As you read the scroll labeled HEUVOW EVIHADE, it crumbles to dust.
It is a scroll of identify.
k - a scroll of fear The orc priest calls down the wrath of Beogh upon you.
Beogh smites you!
* * * LOW HITPOINT WARNING * * *
The orc hits you with a +0 short sword.
You die...

#.#.....##.....#
## #
#.###.##.....# #
#.# #(##.....# #
#.##.....#
#........######
#########.....#
[.... #.....#
..... #.....#
...... #@o...#
......####....#
........o.o...#
....!..o..o...#
...........####
#..........#
#..........#
#..........#
############


You could see an orc priest and 2 orcs.

Vanquished Creatures
  A worker ant (D:2)
  3 gnolls (D:3)
  3 adders
  2 oozes (D:2)
  3 worms (D:2)
  2 leopard geckos (D:2)
  An orc (D:3)
  2 giant cockroaches
  9 goblins
  7 hobgoblins
  6 jackals (D:3)
  10 kobolds
  3 quokkas (D:3)
  A ball python (D:1)
  10 bats
  6 frilled lizards
  2 rats
71 creatures vanquished.

Notes
Turn   | Place    | Note
-------+----------+-------------------------------------------
     0 | D:1      | H0rd4k the Octopode Transmuter began the quest for the Orb.
     0 | D:1      | Reached XP level 1. HP: 13/13 MP: 3/3
   209 | D:1      | Reached XP level 2. HP: 18/18 MP: 5/5
   860 | D:1      | Learned a level 2 spell: Sticks to Snakes
   900 | D:2      | Reached XP level 3. HP: 21/23 MP: 6/6
   905 | D:2      | Learned a level 3 spell: Spider Form
   970 | D:2      | Reached skill level 1 in Stealth
   970 | D:2      | Reached skill level 4 in Unarmed Combat
  1219 | D:2      | Reached XP level 4. HP: 25/28 MP: 7/7
  2752 | D:3      | Reached XP level 5. HP: 33/33 MP: 8/8
  3427 | D:3      | Slain by an orc

Illustrated notes

Levels and vault maps discovered:
D:1:      lemuel_arrival_muddy, layout_loops_ring, due_unseen_surprise
D:2:      layout_loops_corners
D:3:      layout_basic

Skill      XL: |  1  2  3  4 |
---------------+-------------+-----
Stealth        | 1 2 |  2.7
Unarmed Combat | 4 |  4.5
Fighting       | |  1.2
Dodging        | |  2.3
Spellcasting   | |  2.7
Transmutations | |  2.8

Action                   |  1- 3 |  4- 6 || total
-------------------------+-------+-------++-------
Melee: Unarmed           |    64 |   120 ||   184
       Constrict         |    17 |    23 ||    40
       Tentacles         |    10 |    24 ||    34
       Punch             |     3 |     1 ||     4
       Kick              |     3 |     2 ||     5
 Cast: Beastly Appendage |     1 |     2 ||     3
  Use: Potion            |       |     3 ||     3
       Scroll            |       |     1 ||     1
 Stab: Sleeping          |     7 |    13 ||    20
  Eat: Chunk             |     1 |     7 ||     8
Armor: Skin              |     8 |     5 ||    13
Dodge: Dodged            |    40 |    65 ||   105
